 BcadrenCrawl: Boulder Brew version 0.06-688-g08e91b2d95 (webtiles) character file.

Game seed: 14962835502418833095

347 Leeroy the Archer (level 6, 0/102 HPs) Tengu Centaur. Began on Jan 29, 2023. Slain by a water moccasin (7 damage) ... on level 2 of the Dungeon. The game lasted 00:05:08 (1668 turns).

Leeroy the Archer (Tengu Centaur)                   Turns: 1668, Time: 00:05:08

Health: 0/102      AC:  6    Str: 21    XL:     6 ^: 237
Magic:  7/7        EV: 12    Int: 12    God:
Gold:   73         SH:  0    Dex: 12    Spells: 5/5 levels left

rFire    . . .     Slash    x   a - +0 shortbow
rCold    . . .     Pierce   .   (also wielding the above weapon)
rNeg     . . .     Bludgeon .   c - +0 leather armour
rCorr    . . .     Vision   .   (helmet restricted)
rPois    .         Gourm    .   (no cloak)
rElec    .         Faith    .   (no gloves)
MR       .....     Spirit   .   (no barding)
HPRegen  0.44/turn Reflect  .   (no amulet)
MPRegen  0.17/turn Harm     .   (no ring)
Stlth    ..........             (no ring)

@: berserking, lethally poisoned (0 -> -3), flying quickly and evasively, very
quick
A: large, beak, hippogriff form, talons, rugged brown scales, deformed body 1,
speed 2, MP-powered wands, tengu flight, soft flesh, AC +3
a: Stop Flying


You were on level 2 of the Dungeon.
You were not hungry.

You visited 1 branch of the dungeon, and saw 2 of its levels.

You collected 73 gold pieces.

Inventory:

Weapons
 a - a +0 shortbow (weapon)
 b - a +0 short sword
 j - a +0 short sword of speed
 k - a +0 hand crossbow Shields
 h - a +0 targe
 i - a +0 targe
Armour
 c - a +0 leather armour (worn)
Scrolls
 e - 2 scrolls of holy word
 g - a scroll of enchantment
Comestibles
 d - 4 rations
 l - 10 chunks of flesh


   Skills:
 - Level 2.0 Fighting
 + Level 10.2 Bows
 - Level 2.1 Dodging
 - Level 1.0 Stealth


You had 5 spell levels left.
You didn't know any spells.
Your spell library was empty.

Dungeon Overview and Level Annotations

Branches:
Dungeon (2/8)

Altars:


Innate Abilities, Weirdness & Mutations

Your horsehide is resilient. (AC +3)
You have a beak for a mouth.
You have a hippogriff-like bottom half; talons in the front, hooves in the back.
Armour fits poorly on your strangely shaped body.
You cover ground very quickly.
You can fly continuously.
Your speed and evasion are boosted while flying.
Your soft flesh is weak to deep cuts.
Heavy manmade armour will nullify this weakness. (rSlashing-)
You are covered in rugged brown scales. (+7% HP, AC +2)
You expend magic power (3 MP) to strengthen your wands.


Message History

You feel sick. (1)
The bat hits you but does no damage. The bat hits you but does no damage.
Something bites the withered plant (1).
It resists.
* * * LOW HITPOINT WARNING * * *
You feel sick. (1)
The bat hits you but does no damage.
* * * LOW HITPOINT WARNING * * *
You feel sick. (1)
The bat barely misses you.
* * * LOW HITPOINT WARNING * * *
You feel sick. (1)
The bat hits you (1).
* * * LOW HITPOINT WARNING * * *
Okay, then.
A red film seems to cover your vision as you go berserk!
You feel yourself moving faster!
You feel mighty!
You drop the empty bottle.
You feel sick. (1)
The bat hits you but does no damage. x2; The water moccasin bites you (7)!
You die...

#≈≈≈#####.##≈#≈≈≈≈≈≈≈....≈≈.≈
#...≈≈≈≈..##P#≈≈≈≈≈≈≈.#......
###≈.##))##÷≈###≈≈≈≈≈≈≈...#...#
≈.†.≈#))≈.#.}≈##≈≈≈≈b≈≈...# #.#
###.≈#.≈.≈#≈#.#≈≈≈≈≈≈≈≈..≈#####
##.#.####.....≈≈≈≈≈≈≈.b....≈.
#≈#≈≈..#.#..#≈≈≈≈≈≈≈...#≈.?#
#.######≈.≈.#≈≈≈≈≈....##≈..#
#≈≈ .≈..≈..#@≈....≈.#≈# ### ..#
###≈##.#bS.≈≈≈≈.#≈.# .##
#≈≈###≈≈≈≈≈≈≈.###≈# ≈ ≈#≈
#≈≈≈≈≈≈≈≈# ## .≈
≈######PPS≈≈≈≈≈#
##≈≈≈lPP≈≈≈≈≈≈# #...§#≈≈≈≈≈≈≈≈#
#.≈J.#≈≈≈≈≈≈≈≈# ##..[#≈≈≈≈≈≈≈≈#


You could see a water moccasin, a cinder newt, a submerged adder and a bat.

Vanquished Creatures
  A crocodile (D:2)
  A big kobold (D:2)
  2 jellies (D:2)
  A mummy (D:2)
  2 giant cockroaches
  A sewer rat (D:1)
  4 cinder newts
  A bullfrog (D:2)
  2 worms (D:2)
  An ooze (D:2)
  3 ball pythons
  2 bats
  A hobgoblin (D:1)
  A bat skeleton (D:2)
  2 hobgoblin zombies (D:2)
  13 kobolds
  A kobold zombie (D:2)
  An orc zombie (D:2)
  9 rats (D:1)
  8 withered plants (D:2)
57 creatures vanquished.

Vanquished Creatures (others)
  A worm (D:2)
  A ball python (D:2)
  2 bats (D:2)
  A kobold skeleton (D:2)
  2 giant blowflies (D:2)
  3 slimeheads (D:2)
  127 withered plants (D:2)
137 creatures vanquished.

Grand Total: 194 creatures vanquished

Notes
Turn   | Place    | Note
-------+----------+-------------------------------------------
     0 | D:1      | Leeroy the Tengu Centaur began the quest for the Orb.
     0 | D:1      | Reached XP level 1. HP: 24/24 MP: 2/2
    48 | D:1      | Reached skill level 5 in Bows
    54 | D:1      | Reached XP level 2. HP: 32/32 MP: 3/3
   174 | D:1      | Reached skill level 6 in Bows
   174 | D:1      | Reached XP level 3. HP: 40/40 MP: 4/4
   587 | D:1      | Reached skill level 7 in Bows
   716 | D:2      | Noticed a big kobold
  1020 | D:2      | Noticed a big kobold
  1036 | D:2      | Reached XP level 4. HP: 43/48 MP: 5/5
  1050 | D:2      | Reached skill level 8 in Bows
  1066 | D:2      | Gained mutation: You can fly continuously. Your speed and
                  | evasion are boosted while flying. [Tengu growth]
  1066 | D:2      | Reached XP level 5. HP: 33/56 MP: 6/6
  1421 | D:2      | Reached skill level 9 in Bows
  1470 | D:2      | Reached XP level 6. HP: 64/64 MP: 7/7
  1489 | D:2      | Reached skill level 10 in Bows
  1502 | D:2      | Gained mutation: You are covered in rugged brown scales.
                  | (+7% HP, AC +2) [potion of mutation]
  1503 | D:2      | Gained mutation: You expend magic power (3 MP) to
                  | strengthen your wands. [potion of mutation]
  1628 | D:2      | Identified a scroll of acquirement
  1668 | D:2      | Slain by a water moccasin

Illustrated notes

Levels and vault maps discovered:
D:1:      eino_arrival_tree_alley, layout_loops_ring, st_stairs_5,
          portal_sewer_entry_b
D:2:      layout_sewer, minmay_mini_ossuary

Skill      XL: |  1  2  3  4  5  6 |
---------------+-------------------+-----
Bows           | 5 6 7 8 9 10 | 10.2
Fighting       | |  2.0
Dodging        | |  2.1
Stealth        | |  1.0

Action                   |  1- 3 |  4- 6 || total
-------------------------+-------+-------++-------
Melee: Targe             |    41 |       ||    41
       Kick              |    12 |    15 ||    27
       Tailslap          |     5 |    11 ||    16
       Short sword       |     3 |    49 ||    52
       Unarmed           |     3 |    33 ||    36
 Fire: Shortbow          |    55 |    74 ||   129
 Abil: Fly               |       |     1 ||     1
  Use: Potion            |       |     3 ||     3
 Stab: Sleeping          |       |     1 ||     1
  Eat: Chunk             |       |     2 ||     2
Armor: Leather armour    |    12 |    24 ||    36
Dodge: Dodged            |     5 |    16 ||    21
